AoeStats
← A Bá

African Clearing

510301015Analyzed
4v4 RM · 3d ago on Sep 30, 2026· 53m 4s· 8 players
Game mode
Random Map
Map size
Large (8 player)
Population
200
Speed
Normal
Resources
Standard
Victory
Conquest
Starting age
Dark Age
Ending age
Imperial Age
RankedLock teamsTeams togetherTeam positionsShared explorationLock speedFull tech treeHidden civsTurbo modeCheats
Victory
Defeat
🇨🇳 Goths · China
1324
+15
🇨🇳 Danes · China
1305
+16
🇦🇺 Mongols · Australia
1303
+16
🇻🇳 Huns · Vietnam
1289
+17
🇯🇵 Mongols · Japan
1373
-19
🇨🇳 Spanish · China
1292
-15
🇺🇸 Georgians · United States
1286
-15
🇨🇳 Japanese · China
1285
-15
丧心病狂
6:13 Loom
14:04 Feudal Age
15:43 Double-Bit Axe
18:21 Castle Age
16:31 Horse Collar
18:18 Stone Mining
18:59 Forging
18:49 Scale Mail Armor
20:04 Bow Saw
30:25 Gold Mining
36:37 Imperial Age
34:59 Iron Casting
34:39 Chain Mail Armor
35:31 Gold Shaft Mining
37:01 Heavy Plow
38:21 Conscription
38:36 Chain Mail Armor
38:12 Hamask
39:56 Wheelbarrow
41:51 Squires
41:36 Gambesons
41:37 Arson
42:54 Blast Furnace
42:25 Plate Mail Armor
42:53 Plate Mail Armor
47:14 Cranequins
47:49 Fletching
47:59 Padded Archer Armor
48:24 Heavy Mounted Crossbowman
50:29 Leather Archer Armor
50:27 Bodkin Arrow
52:10 Ring Archer Armor
Súc Vật Du Phong
3:19 Loom
13:24 Feudal Age
14:21 Double-Bit Axe
15:35 Scale Barding Armor
15:41 Forging
21:01 Castle Age
19:50 Horse Collar
28:40 Husbandry
28:50 Bloodlines
29:05 Gold Mining
30:03 Chain Barding Armor
32:13 Wheelbarrow
32:49 Bloodlines
33:27 Gold Mining
34:09 Hand Cart
37:38 Bow Saw
40:39 Imperial Age
39:46 Iron Casting
40:43 Cavalier
41:46 Heavy Plow
41:42 Pikeman
42:22 Squires
42:48 Paladin
44:59 Plate Barding Armor
45:24 Blast Furnace
49:21 Gold Shaft Mining
48:39 Stone Mining
50:35 Two-Man Saw
rookie
13:25 Feudal Age
17:04 Castle Age
15:12 Double-Bit Axe
15:30 Horse Collar
16:08 Gold Mining
16:58 Stone Mining
18:05 Bow Saw
19:23 Loom
19:28 Loom
23:05 Town Watch
27:16 Wheelbarrow
29:19 Town Patrol
33:24 Imperial Age
31:08 Scale Mail Armor
31:19 Forging
31:56 Hand Cart
32:06 Pikeman
33:10 Chain Mail Armor
33:31 Iron Casting
33:34 Heavy Plow
34:11 Stone Shaft Mining
34:04 Anarchy
34:48 Squires
36:13 Two-Man Saw
36:29 Blast Furnace
35:40 Elite Huskarl
35:57 Capped Ram
36:04 Man-at-Arms
37:24 Crop Rotation
36:40 Long Swordsman
36:42 Elite Huskarl
37:43 Conscription
37:32 Fletching
37:15 Two-Handed Swordsman
38:16 Champion
38:59 Perfusion
40:03 Halberdier
40:42 Bodkin Arrow
42:38 Chemistry
41:58 Ballistics
41:19 Treadmill Crane
42:43 Chemistry
42:03 Ballistics
41:54 Masonry
44:51 Bracer
A Bá
7:03 Loom
11:59 Feudal Age
17:27 Castle Age
16:17 Double-Bit Axe
16:47 Stone Mining
18:57 Gold Mining
21:24 Husbandry
21:17 Fletching
24:10 Bow Saw
30:09 Padded Archer Armor
31:18 Wheelbarrow
30:43 Bodkin Arrow
31:19 Padded Archer Armor
32:48 Wheelbarrow
34:58 Thumb Ring
36:04 Horse Collar
41:09 Imperial Age
38:58 Husbandry
39:12 Bloodlines
40:20 Hand Cart
40:38 Heavy Plow
40:42 Town Watch
40:49 Town Watch
42:19 Conscription
41:54 Elite Mangudai
43:41 Bracer
44:51 Gold Shaft Mining
46:17 Leather Archer Armor
46:21 Herbal Medicine
48:07 Parthian Tactics
48:51 Ballistics
49:33 Chemistry
49:25 Fervor
50:10 Masonry
BrownBomber81
13:41 Feudal Age
17:29 Castle Age
15:16 Double-Bit Axe
15:42 Horse Collar
17:13 Bloodlines
17:24 Scale Barding Armor
17:53 Loom
24:43 Gold Mining
26:14 Bow Saw
28:42 Wheelbarrow
30:21 Chain Barding Armor
31:37 Forging
34:55 Imperial Age
32:43 Hand Cart
33:58 Iron Casting
34:21 Fletching
34:34 Stone Mining
36:51 Plate Barding Armor
36:45 Conscription
38:34 Blast Furnace
37:47 Elite Monaspa
38:56 Hand Cart
39:26 Aznauri Cavalry
40:05 Bodkin Arrow
40:25 Husbandry
41:13 Svan Towers
43:12 Hoardings
43:46 Ballistics
43:38 Masonry
45:55 Architecture
46:26 Chemistry
47:25 Bracer
49:01 Siege Engineers
49:44 Light Cavalry
51:31 Hussar
claretta's skirt
13:05 Feudal Age
11:21 Loom
13:11 Feudal Age
18:09 Castle Age
17:18 Double-Bit Axe
21:48 Fletching
24:33 Bodkin Arrow
29:41 Horse Collar
31:04 Padded Archer Armor
37:41 Leather Archer Armor
46:55 Imperial Age
45:06 Wheelbarrow
47:23 Imperial Age
老牌休闲玩家
2:58 Loom
3:56 Loom
13:33 Feudal Age
18:06 Castle Age
16:19 Double-Bit Axe
17:06 Stone Mining
19:04 Wheelbarrow
19:27 Bow Saw
19:42 Horse Collar
23:43 Town Watch
31:40 Hand Cart
37:18 Padded Archer Armor
37:10 Gold Mining
39:23 Husbandry
46:10 Bloodlines
围家建筑工
7:06 Loom
8:48 Loom
14:57 Feudal Age
18:32 Double-Bit Axe
18:46 Horse Collar
23:12 Castle Age
23:44 Stone Mining
24:59 Gold Mining
32:07 Heavy Plow
35:31 Imperial Age
33:49 Wheelbarrow
33:54 Scale Mail Armor
33:41 Pikeman
34:21 Squires
35:10 Chain Mail Armor
35:09 Scale Barding Armor
35:04 Padded Archer Armor
34:55 Fletching
35:18 Fortified Wall
35:28 Ballistics
37:20 Kataparuto
38:27 Plate Mail Armor
39:27 Hand Cart
38:58 Town Watch
39:30 Bow Saw
38:57 Man-at-Arms
39:22 Gambesons
39:23 Arson
39:40 Long Swordsman
40:13 Halberdier
41:07 Two-Handed Swordsman
42:50 Forging
42:35 Bodkin Arrow
42:56 Leather Archer Armor
44:16 Bracer
46:26 Conscription
49:26 Gold Shaft Mining
50:49 Two-Man Saw
Connection lost

Rejoining the realm…

Still unreachable

The connection could not be restored.

Session expired

The server has moved on; the page needs a fresh start.